[Event "*** Titled Tuesday Blitz"]
[Site "Chess.com"]
[Date "2020.05.26"]
[Round "3"]
[White "SirMittensofMittensville"]
[Black "RaunakSadhwani2005"]
[Result "0-1"]
[WhiteElo "2610"]
[BlackElo "2829"]
[TimeControl "180+1"]
[EndTime "10:22:45 PDT"]
[Termination "RaunakSadhwani2005 won by resignation"]

1. e4 c6 2. Nc3 d5 3. Nf3 Bg4 4. h3 Bxf3 5. Qxf3 Nf6 6. a3 e6 7. d3 Nbd7 8. g3 g6 9. Bg2 Bg7 10. Qe2 O-O 11. O-O Qb6 12. Rb1 Nh5 13. Bd2 Nxg3 14.
Qf3 Nxf1 15. Bxf1 f5 16. exd5 exd5 17. Re1 Ne5 18. Qg2 Qxb2 0-1

[Event "*** Titled Tuesday Blitz"]
[Site "Chess.com"]
[Date "2020.05.26"]
[Round "3"]
[White "1f3_2g41-0"]
[Black "pedro_nascimento85"]
[Result "1-0"]
[WhiteElo "2252"]
[BlackElo "1859"]
[TimeControl "180+1"]
[EndTime "10:23:04 PDT"]
[Termination "1f3_2g41-0 won by resignation"]

1. e4 e6 2. d4 d5 3. Nc3 Bb4 4. exd5 exd5 5. Bd3 Ne7 6. Nf3 Bg4 7. O-O h6 8. h3 Bh5 9. a3 Bxc3 10. bxc3 Nbc6 11.
Re1 O-O 12. Bf4 Qd7 13. Ne5 Nxe5 14. Qxh5 Nxd3 15. cxd3 Ng6 16. Bd2 Rfe8 17. Re3 Rxe3 18. fxe3 Re8 19. Rf1 Qe7 20. Qxd5 Qxa3 21. Qxf7+ 1-0

[Event "*** Titled Tuesday Blitz"]
[Site "Chess.com"]
[Date "2020.05.26"]
[Round "3"]
[White "MacDaddyMac"]
[Black "XxPetroffsxX"]
[Result "1-0"]
[WhiteElo "2261"]
[BlackElo "1916"]
[TimeControl "180+1"]
[EndTime "10:23:13 PDT"]
[Termination "MacDaddyMac won by resignation"]

1. e4 e5 2. Nf3 Nc6 3. Bb5 Nf6 4. Nc3 Bb4 5. O-O d6 6. d4 exd4 7. Nxd4 Bd7 8. Nxc6 bxc6 9. Bd3 O-O 10. Bg5 h6 11.
Bh4 Bxc3 12. bxc3 Qe7 13. Qf3 g5 14. Bg3 Rab8 15. h4 g4 16. Qf4 Kh7 17. e5+ Kg7 18.
exf6+ Qxf6 19. Qxf6+ Kxf6 20. Rab1 Rb6 21. f3 gxf3 22.
Rxf3+ Kg7 23. Rbf1 Be6 24. Bf2 Rb2 25. Bd4+ f6 26.
Rxf6 1-0

[Event "*** Titled Tuesday Blitz"]
[Site "Chess.com"]
[Date "2020.05.26"]
[Round "3"]
[White "Quiet_Desperation"]
[Black "JulAnt"]
[Result "0-1"]
[WhiteElo "2204"]
[BlackElo "2418"]
[TimeControl "180+1"]
[EndTime "10:23:27 PDT"]
[Termination "JulAnt won by resignation"]

1. e4 c5 2. d4 cxd4 3. c3 d3 4. Bxd3 g6 5. Nf3 Bg7 6. Bc4 d6 7. e5 Nc6 8. exd6 exd6 9. O-O Nge7 10. Bf4 d5 11. Be2 O-O 12. h3 d4 13. c4 d3 14.
Bxd3 Bxb2 15. Na3 Bxa3 16. Bh6 Re8 17. Ng5 Bf5 0-1

[Event "*** Titled Tuesday Blitz"]
[Site "Chess.com"]
[Date "2020.05.26"]
[Round "3"]
[White "Jadeit90"]
[Black "SaraciNderim"]
[Result "0-1"]
[WhiteElo "2315"]
[BlackElo "2783"]
[TimeControl "180+1"]
[EndTime "10:23:37 PDT"]
[Termination "SaraciNderim won by resignation"]

1. g3 b6 2. Bg2 d5 3. c4 e6 4.
cxd5 exd5 5. Nf3 Nf6 6. O-O Be7 7. d4 O-O 8. Nc3 Bb7 9. Bf4 Nbd7 10. Rc1 a6 11.
Ne5 c5 12. Nxd7 Qxd7 13. Be5 c4 14. b3 b5 15. bxc4 dxc4 16. Bxb7 Qxb7 17. Bxf6 Bxf6 18. e3 Rac8 19. Qc2 Be7 20. e4 b4 21. Nd5 Rfd8 22.
Rfd1 a5 23. Nxe7+ Qxe7 24. d5 Qc5 25. Qe2 a4 26. Qg4 b3 27. axb3 axb3 28. e5 b2 29.
Rb1 c3 30. e6 c2 31. exf7+ Kf8 32.
Rxb2 cxd1=Q+ 33. Qxd1 Qc1 0-1

[Event "*** Titled Tuesday Blitz"]
[Site "Chess.com"]
[Date "2020.05.26"]
[Round "3"]
[White "andriipalchuk"]
[Black "Bacyanide"]
[Result "0-1"]
[WhiteElo "2072"]
[BlackElo "2468"]
[TimeControl "180+1"]
[EndTime "10:23:47 PDT"]
[Termination "Bacyanide won by resignation"]

1. e4 e5 2. Nf3 Nc6 3. d4 exd4 4. Nxd4 Nf6 5. Nxc6 bxc6 6. e5 Qe7 7. Qe2 Nd5 8. c4 Ba6 9. Nd2 Nb4 10. Nf3 d5 11. b3 dxc4 12. bxc4 O-O-O 13. Bd2 Nc2+ 0-1

[Event "*** Titled Tuesday Blitz"]
[Site "Chess.com"]
[Date "2020.05.26"]
[Round "3"]
[White "gliglu"]
[Black "tgpgoat"]
[Result "1-0"]
[WhiteElo "2372"]
[BlackElo "2067"]
[TimeControl "180+1"]
[EndTime "10:23:51 PDT"]
[Termination "gliglu won by resignation"]

1. d4 Nf6 2. c4 c5 3. d5 b5 4. cxb5 a6 5. e3 axb5 6. Bxb5 Ba6 7. Bxa6 Nxa6 8. Nf3 d6 9. O-O g6 10. Nc3 Bg7 11. e4 O-O 12. Bf4 Nd7 13. Qe2 Qb6 14. a4 Rfb8 15. Nb5 Nb4 16. Rfd1 Ra5 17. e5 Qa6 18. exd6 exd6 19. Qe7 Rb7 20. Nxd6 Bf8 21.
Qxf7+ Kh8 22. Nxb7 Qxb7 23. Be5+ 1-0

[Event "*** Titled Tuesday Blitz"]
[Site "Chess.com"]
[Date "2020.05.26"]
[Round "3"]
[White "Nafania1"]
[Black "kingofkolkata"]
[Result "1-0"]
[WhiteElo "2441"]
[BlackElo "2204"]
[TimeControl "180+1"]
[EndTime "10:23:51 PDT"]
[Termination "Nafania1 won by resignation"]

1. e4 e5 2. Nf3 Nc6 3. Bb5 a6 4. Ba4 Nf6 5. O-O Be7 6. Re1 b5 7. Bb3 d6 8. c3 O-O 9. d4 Bg4 10. Be3 exd4 11. cxd4 Na5 12. h3 Bxf3 13. Qxf3 Nxb3 14.
axb3 c5 15. dxc5 dxc5 16. Nc3 Qd7 17. e5 b4 18. exf6 Bxf6 19. Nd5 Bxb2 20. Rad1 Qa7 21. Qe2 Rfe8 22. Qxb2 1-0

[Event "*** Titled Tuesday Blitz"]
[Site "Chess.com"]
[Date "2020.05.26"]
[Round "3"]
[White "yamalchess"]
[Black "rakshi2005"]
[Result "1-0"]
[WhiteElo "2519"]
[BlackElo "2312"]
[TimeControl "180+1"]
[EndTime "10:24:06 PDT"]
[Termination "yamalchess won by checkmate"]

1. d4 Nf6 2. c4 g6 3. Nc3 Bg7 4. e4 d6 5. h3 O-O 6. Bg5 e5 7.
dxe5 dxe5 8. Qxd8 Rxd8 9. Nd5 Rd6 10. Nxc7 Nxe4 11. Be3 Nc6 12. Nxa8 f5 13. Rd1 Re6 14. Nc7 Re7 15. Nd5 Re8 16. Bd3 Bf8 17. Bxe4 fxe4 18.
Ne2 Na5 19. b3 Be6 20. O-O Nc6 21. Nc7 Re7 22. Nxe6 Rxe6 23. Nc3 Bb4 24. Nxe4 Kg7 25. Rd7+ Re7 26. Rxe7+ Bxe7 27. Rd1 Kf7 28. Rd7 b6 29. Rc7 Nb4 30. Bg5 Ke6 31. Rxe7+ Kf5 32. f3 Nd3 33. g4# 1-0

[Event "*** Titled Tuesday Blitz"]
[Site "Chess.com"]
[Date "2020.05.26"]
[Round "3"]
[White "bakki78"]
[Black "MomchilPetkov"]
[Result "1-0"]
[WhiteElo "2762"]
[BlackElo "2527"]
[TimeControl "180+1"]
[EndTime "10:24:18 PDT"]
[Termination "bakki78 won by resignation"]

1. e4 c5 2. c3 a6 3. d4 cxd4 4. cxd4 d5 5. exd5 Nf6 6. Nc3 Nxd5 7. Bc4 Nxc3 8. bxc3 e6 9. Bb3 Bd6 10. Qg4 Qc7 11.
Bd2 O-O 12. Nf3 Nd7 13. O-O Nf6 14. Qh4 b5 15. Bg5 Be7 16. Bc2 h6 17. Bxf6 Bxf6 18. Qe4 g6 19. Qxa8 Bb7 20. Qa7 Be7 21. Be4 1-0

[Event "*** Titled Tuesday Blitz"]
[Site "Chess.com"]
[Date "2020.05.26"]
[Round "3"]
[White "Tashik"]
[Black "StephenDedalus83"]
[Result "1-0"]
[WhiteElo "2452"]
[BlackElo "2756"]
[TimeControl "180+1"]
[EndTime "10:24:26 PDT"]
[Termination "Tashik won by resignation"]

1. c4 g6 2. e4 Bg7 3. d4 Nc6 4. Ne2 e5 5. d5 Nd4 6. Be3 c5 7. dxc6 dxc6 8. Nd2 Qa5 9. Nc3 Nf6 10. Nb3 Nxb3 11. axb3 Qb4 12. Bd3 a6 13. O-O O-O 14. Na4 Nd7 15. c5 Nf6 16. Nb6 Rb8 17. Ra4 1-0

[Event "*** Titled Tuesday Blitz"]
[Site "Chess.com"]
[Date "2020.05.26"]
[Round "3"]
[White "GregShahade"]
[Black "The_Machine04"]
[Result "1-0"]
[WhiteElo "2626"]
[BlackElo "2292"]
[TimeControl "180+1"]
[EndTime "10:24:27 PDT"]
[Termination "GregShahade won by resignation"]

1. e4 d6 2. d4 Nf6 3. Nc3 e5 4.
Nf3 Nbd7 5. Bc4 Be7 6. O-O c6 7. a4 Qc7 8. Re1 h6 9. Ba2 Nf8 10. a5 Bg4 11. h3 Bxf3 12. Qxf3 exd4 13. Ne2 c5 14. c3 dxc3 15. Nxc3 Ng6 16. a6 bxa6 17. e5 O-O 18. exf6 Bxf6 19. Nd5 Qd8 20. Nxf6+ Qxf6 21. Qxf6 gxf6 22. Bxh6 Rfe8 23. Bd5 Rab8 24. Rxe8+ Rxe8 25. Rxa6 1-0

[Event "*** Titled Tuesday Blitz"]
[Site "Chess.com"]
[Date "2020.05.26"]
[Round "3"]
[White "varacalli"]
[Black "Benjoneliere44"]
[Result "0-1"]
[WhiteElo "2334"]
[BlackElo "2534"]
[TimeControl "180+1"]
[EndTime "10:24:34 PDT"]
[Termination "Benjoneliere44 won by resignation"]

1. e4 c5 2. Nf3 d6 3. d4 cxd4 4. Nxd4 Nf6 5. Nc3 g6 6. Bc4 Bg7 7. h3 O-O 8. O-O Nc6 9. Be3 Bd7 10. Bb3 Rc8 11. Re1 Na5 12. Qd3 a6 13. Rad1 b5 14.
Bg5 Nc4 15. Bxc4 Rxc4 16. b3 Rc5 17. Nd5 e6 18. Nxf6+ Bxf6 19. Bxf6 Qxf6 20. Nf3 Bc6 21.
Qxd6 Rxc2 22. e5 Qf5 0-1

[Event "*** Titled Tuesday Blitz"]
[Site "Chess.com"]
[Date "2020.05.26"]
[Round "3"]
[White "Majesth"]
[Black "ZuchBolt"]
[Result "1-0"]
[WhiteElo "2445"]
[BlackElo "2228"]
[TimeControl "180+1"]
[EndTime "10:24:35 PDT"]
[Termination "Majesth won by resignation"]

1. d4 d5 2. Bg5 h6 3. Bh4 g5 4. Bg3 Bg7 5. c3 c5 6. dxc5 Nf6 7. Nd2 O-O 8. h4 Nh5 9. Bxb8 Rxb8 10. hxg5 Nf4 11. gxh6 Bf6 12. e3 Ne6 13. Ne2 Nxc5 14. Ng3 b5 15. Nh5 e5 16. Qf3 Bg5 17. Qg3 Kh7 18.
Qxe5 1-0

[Event "*** Titled Tuesday Blitz"]
[Site "Chess.com"]
[Date "2020.05.26"]
[Round "3"]
[White "TheSodabread"]
[Black "fabianvivasz"]
[Result "0-1"]
[WhiteElo "1998"]
[BlackElo "2282"]
[TimeControl "180+1"]
[EndTime "10:24:38 PDT"]
[Termination "fabianvivasz won by checkmate"]

1. d4 Nf6 2. Nc3 d5 3. Bf4 c5 4.
e3 cxd4 5. exd4 e6 6. Bd3 Nc6 7. Nb5 Qa5+ 8. c3 Kd7 9. Nc7 Rb8 10.
b4 Bxb4 11. cxb4 Qxb4+ 12. Qd2 Qxd4 13. Nxd5 Qxa1+ 14. Ke2 Nd4+ 15. Ke3 Nxd5+ 16. Ke4 f5+ 17. Ke5 Nf3# 0-1

[Event "*** Titled Tuesday Blitz"]
[Site "Chess.com"]
[Date "2020.05.26"]
[Round "3"]
[White "1stSecond"]
[Black "Pavalamalli"]
[Result "1-0"]
[WhiteElo "2707"]
[BlackElo "2284"]
[TimeControl "180+1"]
[EndTime "10:24:43 PDT"]
[Termination "1stSecond won by resignation"]

1. b3 Nf6 2. Bb2 g6 3. Bxf6 exf6 4. g3 d5 5. Bg2 Bg7 6. d4 O-O 7.
e3 c6 8. Ne2 Re8 9. O-O Bg4 10.
h3 Bf5 11. c4 Be4 12. Nbc3 Bxg2 13. Kxg2 f5 14. cxd5 cxd5 15. Nf4 Nc6 16. Nfxd5 Rc8 17. Rc1 h5 18. h4 Ne7 19. Qf3 Nxd5 20. Nxd5 Re4 21. Rxc8 Qxc8 22. Qxe4 fxe4 23. Ne7+ 1-0

[Event "*** Titled Tuesday Blitz"]
[Site "Chess.com"]
[Date "2020.05.26"]
[Round "3"]
[White "Gabix_94"]
[Black "Arjun2002"]
[Result "1-0"]
[WhiteElo "2915"]
[BlackElo "2663"]
[TimeControl "180+1"]
[EndTime "10:24:49 PDT"]
[Termination "Gabix_94 won by resignation"]

1. d4 d5 2. c4 c6 3. Nc3 Nf6 4. Nf3 e6 5. g3 dxc4 6. Bg2 Nbd7 7. O-O b5 8. Ng5 Nd5 9. e4 Nxc3 10. bxc3 h6 11.
Nxe6 fxe6 12. Qh5+ Ke7 13. Ba3+ c5 14. e5 Rb8 15. dxc5 Qe8 16. c6+ b4 17. Bxb4+ Rxb4 18. Qxe8+ Kxe8 19. cxd7+ Bxd7 20. cxb4 Bxb4 21. Rfc1 c3 22.
Rab1 a5 23. a3 Bxa3 24. Rxc3 Bb4 25. Rc7 Bb5 26. Rc8+ 1-0

[Event "*** Titled Tuesday Blitz"]
[Site "Chess.com"]
[Date "2020.05.26"]
[Round "3"]
[White "cukin84"]
[Black "ChristianAlm"]
[Result "0-1"]
[WhiteElo "2170"]
[BlackElo "2394"]
[TimeControl "180+1"]
[EndTime "10:24:50 PDT"]
[Termination "ChristianAlm won by resignation"]

1. e4 c5 2. Nc3 g6 3. f4 Nc6 4.
Nf3 Bg7 5. Bb5 e6 6. Bxc6 bxc6 7. d3 Ne7 8. O-O O-O 9. Qe1 d5 10. b3 a5 11. a4 Ba6 12. e5 c4 13. bxc4 dxc4 14.
d4 Nf5 15. Qe4 Bb7 16. Ba3 Re8 17. Bc5 Bf8 18. Rfd1 Bxc5 19. dxc5 Qe7 20. Qxc4 Ne3 21. Qd4 Nxc2 22. Qc4 Nxa1 23. Rxa1 Ba6 24. Qd4 Red8 25.
Qe3 Rd3 26. Qe1 Qxc5+ 27. Kh1 Qxc3 0-1

[Event "*** Titled Tuesday Blitz"]
[Site "Chess.com"]
[Date "2020.05.26"]
[Round "3"]
[White "Lubov_Gordyk"]
[Black "Ceejay271"]
[Result "1-0"]
[WhiteElo "2600"]
[BlackElo "2399"]
[TimeControl "180+1"]
[EndTime "10:24:52 PDT"]
[Termination "Lubov_Gordyk won by resignation"]

1. e4 c5 2. g3 d5 3. exd5 Qxd5 4. Nf3 Bg4 5. Bg2 Qe6+ 6. Kf1 Nc6 7. h3 Bh5 8. d3 Nf6 9. Na3 Qd7 10. Nc4 e6 11.
g4 Bg6 12. Bf4 Be7 13. Nfe5 Nxe5 14. Nxe5 Qb5 15. a4 Qb4 16. Nc4 Rd8 17. Qe2 Nd5 18. Bd2 O-O 19. Bxb4 Nxb4 20. Rd1 Bf6 21. Be4 Bxe4 22.
dxe4 Rxd1+ 23. Qxd1 Rd8 24. Qe2 b6 25. Kg2 1-0

[Event "*** Titled Tuesday Blitz"]
[Site "Chess.com"]
[Date "2020.05.26"]
[Round "3"]
[White "Savva09022009"]
[Black "GmSergioBarrientos"]
[Result "0-1"]
[WhiteElo "2397"]
[BlackElo "2601"]
[TimeControl "180+1"]
[EndTime "10:24:52 PDT"]
[Termination "GmSergioBarrientos won by resignation"]

1. d4 Nf6 2. Nc3 d5 3. Bf4 a6 4. e3 c5 5. Nf3 Nc6 6. dxc5 e6 7.
Bd3 Bxc5 8. O-O O-O 9. e4 h6 10.
exd5 exd5 11. h3 Be6 12. Ne2 Qb6 13. b3 Ne4 14. c3 Nxf2 15. Rxf2 Bxf2+ 16. Kh1 Be3 17.
Bxe3 Qxe3 18. Qc2 Rae8 19. Ned4 Nxd4 20. Nxd4 Bxh3 21. gxh3 Qxh3+ 22. Kg1 Qg3+ 23. Kh1 Re3 24. Bf5 Rfe8 25. Qh2 Re1+ 0-1

[Event "*** Titled Tuesday Blitz"]
[Site "Chess.com"]
[Date "2020.05.26"]
[Round "3"]
[White "AleksibFan"]
[Black "atalz0"]
[Result "0-1"]
[WhiteElo "2503"]
[BlackElo "2330"]
[TimeControl "180+1"]
[EndTime "10:24:54 PDT"]
[Termination "atalz0 won on time"]

1. d4 d5 2. Nf3 Bf5 3. e3 e6 4. c4 c6 5. Nc3 Nd7 6. Bd3 Bxd3 7. Qxd3 f5 8. O-O Nh6 9. Nd2 Be7 10. f3 O-O 11. e4 dxe4 12. fxe4 Nc5 0-1

[Event "*** Titled Tuesday Blitz"]
[Site "Chess.com"]
[Date "2020.05.26"]
[Round "3"]
[White "Nayemhaque22"]
[Black "kingofthenil"]
[Result "0-1"]
[WhiteElo "2202"]
[BlackElo "2437"]
[TimeControl "180+1"]
[EndTime "10:24:54 PDT"]
[Termination "kingofthenil won by checkmate"]

1. e4 Nc6 2. Nf3 d5 3. exd5 Qxd5 4. Nc3 Qh5 5. Be2 Bg4 6. O-O O-O-O 7. h3 Bxh3 8. gxh3 Qxh3 9. d4 e5 10. d5 Rd6 11.
Nxe5 Nxe5 12. Bf4 Rg6+ 13. Bg3 Rxg3+ 14. fxg3 Qxg3+ 15. Kh1 Qh3+ 16. Kg1 Qg3+ 17. Kh1 Bc5 18. Ne4 Qh3# 0-1

[Event "*** Titled Tuesday Blitz"]
[Site "Chess.com"]
[Date "2020.05.26"]
[Round "3"]
[White "Muguet7"]
[Black "Boudicca64"]
[Result "1-0"]
[WhiteElo "2463"]
[BlackElo "1992"]
[TimeControl "180+1"]
[EndTime "10:24:57 PDT"]
[Termination "Muguet7 won by resignation"]

1. Nf3 d5 2. b3 e6 3. Bb2 Nf6 4. e3 Be7 5. c4 O-O 6. Be2 b6 7. O-O Bb7 8. d4 c5 9. Nbd2 Nc6 10. cxd5 exd5 11. Rc1 Rc8 12. dxc5 Bxc5 13. Bd3 d4 14. exd4 Nxd4 15. Nxd4 Bxd4 16. Rxc8 Bxc8 17. Ba3 Re8 18. Nf3 Bg4 19. h3 Bh5 20. Bb5 Re5 21. Qxd4 Rxb5 22. Qxd8+ 1-0

[Event "*** Titled Tuesday Blitz"]
[Site "Chess.com"]
[Date "2020.05.26"]
[Round "3"]
[White "Franciscoconstantino"]
[Black "TheBigBadChessDad"]
[Result "0-1"]
[WhiteElo "1607"]
[BlackElo "2244"]
[TimeControl "180+1"]
[EndTime "10:24:58 PDT"]
[Termination "TheBigBadChessDad won by checkmate"]

1. d4 d5 2. c4 e6 3. Nf3 Nf6 4. Nc3 Be7 5. Bg5 Nbd7 6. e3 h6 7. Bf4 a6 8. Bd3 dxc4 9. Bxc4 b5 10. Bd3 Bb7 11. O-O c5 12. Rc1 Rc8 13. a4 c4 14. Be2 Qb6 15. b3 b4 16. bxc4 bxc3 17.
Rxc3 Bb4 18. Rb3 a5 19. Nd2 O-O 20. c5 Qc6 21. Nc4 Qxg2# 0-1

[Event "*** Titled Tuesday Blitz"]
[Site "Chess.com"]
[Date "2020.05.26"]
[Round "3"]
[White "platy3"]
[Black "sotochess"]
[Result "0-1"]
[WhiteElo "2689"]
[BlackElo "2248"]
[TimeControl "180+1"]
[EndTime "10:25:01 PDT"]
[Termination "sotochess won by resignation"]

1. e4 e5 2. Nf3 d6 3. Nc3 Nf6 4. d4 Nbd7 5. Bc4 Be7 6. a4 O-O 7. O-O c6 8. h3 a5 9. Re1 Qc7 10. Ba2 Nb8 11. dxe5 dxe5 12. Nh4 Na6 13. Qf3 Nb4 14.
Bb3 Be6 15. Nf5 Bxb3 16. cxb3 Nc2 17. Bh6 Nxe1 18. Rxe1 Ne8 19. Bxg7 Nxg7 20. Nh6+ Kh8 21. Nxf7+ Rxf7 22. Qxf7 Rf8 23. Qc4 Qb6 24. Re2 Bc5 25.
Nd1 Bd4 26. g3 Qb4 27. Qxb4 axb4 28. Ne3 Bxe3 29. Rxe3 Ne6 30. Rd3 Nd4 31. f4 c5 32.
f5 Kg7 33. g4 Kf6 34. Kf2 h5 35. Kg3 hxg4 36. hxg4 Rh8 37. Rd1 Kg5 0-1

[Event "*** Titled Tuesday Blitz"]
[Site "Chess.com"]
[Date "2020.05.26"]
[Round "3"]
[White "diablanni"]
[Black "Konovalova_Vera"]
[Result "1-0"]
[WhiteElo "2321"]
[BlackElo "2143"]
[TimeControl "180+1"]
[EndTime "10:25:08 PDT"]
[Termination "diablanni won by resignation"]

1. e4 c6 2. d4 d5 3. Nc3 dxe4 4.
Nxe4 Bf5 5. Ng3 Bg6 6. h4 h6 7. Nf3 Nd7 8. h5 Bh7 9. Bd3 Bxd3 10. Qxd3 Qc7 11. Bd2 e6 12. O-O-O Ngf6 13. Ne4 Nxe4 14. Qxe4 Nf6 15. Qe2 Bd6 16. g3 O-O-O 17. c4 c5 18. Bc3 Rhe8 19. Kb1 a6 20. Rc1 Kb8 21. a3 cxd4 22.
Nxd4 Be5 23. Nb5 axb5 24. Bxe5 Rd6 25. c5 Red8 26. cxd6 Qb6 27. Rhd1 Nd5 28. Bxg7 f6 29. Qxe6 1-0

[Event "*** Titled Tuesday Blitz"]
[Site "Chess.com"]
[Date "2020.05.26"]
[Round "3"]
[White "Aleksandr_Kozak"]
[Black "francyIM"]
[Result "0-1"]
[WhiteElo "2334"]
[BlackElo "2712"]
[TimeControl "180+1"]
[EndTime "10:25:09 PDT"]
[Termination "francyIM won by resignation"]

1. e4 e5 2. Nf3 Nc6 3. Bb5 a6 4. Ba4 d6 5. c3 Nf6 6. d3 g6 7. O-O Bg7 8. Re1 O-O 9. Nbd2 Bd7 10. Nf1 h6 11. Ng3 Re8 12. b4 b5 13. Bb3 a5 14.
Bd2 axb4 15. cxb4 Bg4 16. h3 Bxf3 17. Qxf3 Nd4 18. Qd1 Ra3 19. Bc1 Ra6 20. Bb2 Nxb3 21. Qxb3 d5 22. a3 Qd7 23. Rac1 Rd6 24. Rc5 dxe4 25.
dxe4 Rd3 26. Qc2 Rd2 27. Qc3 Re7 28. Rxe5 Rxe5 29. Qxe5 Ne8 30. Qf4 Rxb2 31. Qxh6 Bxh6 0-1

[Event "*** Titled Tuesday Blitz"]
[Site "Chess.com"]
[Date "2020.05.26"]
[Round "3"]
[White "etesungam"]
[Black "Chessalary"]
[Result "1-0"]
[WhiteElo "2407"]
[BlackElo "2184"]
[TimeControl "180+1"]
[EndTime "10:25:09 PDT"]
[Termination "etesungam won on time"]

1. d4 Nf6 2. c4 g6 3. Nc3 Bg7 4. e4 d6 5. f3 O-O 6. Bg5 Nc6 7. Qd2 e5 8. d5 Ne7 9. Nge2 Nh5 10. g4 Nf4 11. Nxf4 exf4 12. Bxf4 f5 13. gxf5 gxf5 14.
Rg1 Ng6 15. Bg5 Bf6 16. Bh3 Bxg5 17. Qxg5 1-0

[Event "*** Titled Tuesday Blitz"]
[Site "Chess.com"]
[Date "2020.05.26"]
[Round "3"]
[White "ValeriyGrinev"]
[Black "Mostii"]
[Result "1-0"]
[WhiteElo "2573"]
[BlackElo "2364"]
[TimeControl "180+1"]
[EndTime "10:25:11 PDT"]
[Termination "ValeriyGrinev won by checkmate"]

1. c4 b6 2. Nc3 Bb7 3. e4 e6 4.
d3 g6 5. g3 Bg7 6. Bg2 Ne7 7.
Nge2 O-O 8. O-O d6 9. Be3 Nd7 10. Qd2 a5 11. Bh6 e5 12. Bxg7 Kxg7 13. f4 f5 14. d4 fxe4 15. Nxe4 Nf5 16. Ng5 Qc8 17. Ne6+ Kf7 18. Nxf8 Kxf8 19. fxe5 Bxg2 20. Kxg2 Qb7+ 21. d5 Nxe5 22. Nd4 Ke7 23. Nxf5+ gxf5 24. Rxf5 Kd7 25. Raf1 Rd8 26. Qh6 Nxc4 27. Qe6# 1-0

[Event "*** Titled Tuesday Blitz"]
[Site "Chess.com"]
[Date "2020.05.26"]
[Round "3"]
[White "narutosmith"]
[Black "m-garcett"]
[Result "1-0"]
[WhiteElo "2276"]
[BlackElo "1984"]
[TimeControl "180+1"]
[EndTime "10:25:13 PDT"]
[Termination "narutosmith won by checkmate"]

1. c4 Nf6 2. Nc3 g6 3. g3 Bg7 4. Bg2 O-O 5. e4 d6 6. Nge2 e5 7. O-O Nc6 8. Rb1 a5 9. a3 Be6 10. Nd5 Nd4 11. Nxd4 exd4 12. d3 c6 13. Nxf6+ Bxf6 14. f4 Qd7 15. f5 gxf5 16. Qh5 Qe7 17. exf5 Bd7 18. Bh6 Rfe8 19. Rf4 Qe3+ 20. Kh1 Qxd3 21. Rbf1 Kh8 22. Qxf7 Be5 23. Qxd7 Bxf4 24. Qg7# 1-0

[Event "*** Titled Tuesday Blitz"]
[Site "Chess.com"]
[Date "2020.05.26"]
[Round "3"]
[White "nubair1198"]
[Black "JozefKneht"]
[Result "1-0"]
[WhiteElo "2722"]
[BlackElo "2476"]
[TimeControl "180+1"]
[EndTime "10:25:14 PDT"]
[Termination "nubair1198 won by resignation"]

1. d4 d5 2. c4 e6 3. Nc3 Nf6 4. cxd5 exd5 5. Bg5 Be7 6. e3 O-O 7. Bd3 c6 8. Qc2 Nbd7 9. Nf3 Re8 10. O-O Nf8 11. Rab1 a5 12. a3 Ne4 13. Bxe7 Qxe7 14. b4 Ng6 15. Rfc1 axb4 16. axb4 Bg4 17. Bxe4 dxe4 18. Nd2 f5 19. h3 Bh5 20. b5 Nh4 21.
bxc6 bxc6 22. Nf1 Nxg2 23. Kxg2 Bf3+ 24. Kh2 Qd6+ 25. Ng3 h5 26. Qb3+ Kh7 27. Qb4 Qg6 28.
Rg1 Reb8 29. Qxb8 Rxb8 30. Rxb8 h4 31. Ngxe4 1-0

[Event "*** Titled Tuesday Blitz"]
[Site "Chess.com"]
[Date "2020.05.26"]
[Round "3"]
[White "GM4life"]
[Black "ChessMavenYeti"]
[Result "1-0"]
[WhiteElo "2382"]
[BlackElo "2102"]
[TimeControl "180+1"]
[EndTime "10:25:16 PDT"]
[Termination "GM4life won by resignation"]

1. e4 e5 2. Nf3 Nf6 3. Nxe5 d6 4. Nf3 Nxe4 5. d4 d5 6. Bd3 Bd6 7. O-O O-O 8. c4 c6 9. Nc3 Nxc3 10. bxc3 dxc4 11.
Bxc4 Bf5 12. Re1 Nd7 13. h3 c5 14. d5 Nb6 15. Bf1 c4 16. Qd4 Qc7 17. a4 Rfe8 18. Bd2 Rad8 19. Rxe8+ Rxe8 20. a5 Nc8 21. Qxc4 Bc5 22.
Nd4 Nd6 23. Qa4 Be4 24. Bf4 Rd8 25. Nb5 Qe7 26. Nxd6 Bxd6 27. Bxd6 Rxd6 28. Re1 f5 29. f3 Bc2 30. Rxe7 Bxa4 31. Rxb7 Rxd5 32. Bc4 1-0

[Event "*** Titled Tuesday Blitz"]
[Site "Chess.com"]
[Date "2020.05.26"]
[Round "3"]
[White "Chuchofrio1"]
[Black "tamarozi99"]
[Result "1-0"]
[WhiteElo "2284"]
[BlackElo "2006"]
[TimeControl "180+1"]
[EndTime "10:25:24 PDT"]
[Termination "Chuchofrio1 won by checkmate"]

1. e4 c5 2. Nc3 g5 3. d3 h6 4.
f4 gxf4 5. Bxf4 Bg7 6. Nf3 d6 7. Be2 Nc6 8. O-O e5 9. Be3 Be6 10. Qd2 Nd4 11. Bf2 Nxe2+ 12. Nxe2 Ne7 13. c3 Bg4 14.
Ne1 Qd7 15. Nc2 h5 16. d4 cxd4 17. cxd4 Bh6 18. Qd3 Rg8 19. Nc3 Bh3 20. g3 Bxf1 21. Rxf1 h4 22. dxe5 hxg3 23. Bxg3 dxe5 24. Qxd7+ Kxd7 25. Rd1+ Ke6 26. Nb5 Rac8 27. Rd6# 1-0

[Event "*** Titled Tuesday Blitz"]
[Site "Chess.com"]
[Date "2020.05.26"]
[Round "3"]
[White "chesslh19"]
[Black "Ural_bogatyr"]
[Result "0-1"]
[WhiteElo "2159"]
[BlackElo "2341"]
[TimeControl "180+1"]
[EndTime "10:25:28 PDT"]
[Termination "Ural_bogatyr won by resignation"]

1. e4 e5 2. Nf3 Nc6 3. Bb5 Bc5 4. O-O Nf6 5. c3 O-O 6. d4 Bb6 7. dxe5 Nxe4 8. Qd5 Nc5 9. Bg5 Ne7 10. Qd1 Ne6 11. Bh4 c6 12. Bd3 Bc7 13. Nbd2 d5 14. exd6 Bxd6 15.
Ne4 Bc7 16. Bg3 Nd5 17. Bxc7 Qxc7 18. Neg5 h6 19. Nxe6 Bxe6 20. Nd4 Bd7 21. Re1 Rad8 22. Qf3 Bc8 23. Nf5 Qf4 24. Qxf4 Nxf4 25. Bc4 Bxf5 26. Re7 Rd7 27. Rxd7 Bxd7 28. Rd1 Be6 29. Bxe6 Nxe6 0-1

[Event "*** Titled Tuesday Blitz"]
[Site "Chess.com"]
[Date "2020.05.26"]
[Round "3"]
[White "Cocaino74"]
[Black "Arek_pacitan"]
[Result "0-1"]
[WhiteElo "2357"]
[BlackElo "2556"]
[TimeControl "180+1"]
[EndTime "10:25:29 PDT"]
[Termination "Arek_pacitan won by resignation"]

1. e4 c5 2. Nf3 g6 3. d4 cxd4 4. Nxd4 Bg7 5. c4 Nc6 6. Be3 Nf6 7. Nc3 O-O 8. Be2 d6 9. O-O Bd7 10. h3 Nxd4 11. Bxd4 Bc6 12. Qc2 a5 13. Rad1 Nd7 14. Bxg7 Kxg7 15. f4 Qb6+ 16. Kh2 Rfc8 17. b3 a4 18.
bxa4 Qa5 19. Nd5 Bxd5 20. Rxd5 Qxa4 21. Qb2+ Kg8 22. Bg4 e6 23. Rxd6 Rxc4 24. Qxb7 Nc5 25. Qc6 Nxe4 26. Qxa4 Rcxa4 27. Rc1 Nxd6 0-1